AoeStats
← earlitepainters

Arabia

510639557Analyzed
2v2 RM · 1d ago on Oct 1, 2026· 67m 37s· 4 players
Game mode
Random Map
Map size
Medium (4 player)
Population
200
Speed
Normal
Resources
Standard
Victory
Conquest
Starting age
Dark Age
Ending age
Imperial Age
RankedLock teamsTeams togetherTeam positionsShared explorationLock speedFull tech treeHidden civsTurbo modeCheats
Victory
Defeat
🇦🇺 Sicilians · Australia
1276
+12
🇦🇷 Berbers · Argentina
1171
+16
🇦🇷 Franks · Argentina
1194
-15
🇦🇷 Maya · Argentina
1163
-13
Jova
5:21 Loom
10:21 Feudal Age
10:49 Double-Bit Axe
23:24 Castle Age
22:25 Scale Barding Armor
22:31 Bloodlines
23:06 Forging
22:51 Town Watch
24:25 Husbandry
24:23 Gold Mining
25:58 Wheelbarrow
26:32 Iron Casting
29:19 Bow Saw
35:00 Chain Barding Armor
35:01 Stone Mining
34:58 Horse Collar
39:04 Stone Mining
41:13 Gold Shaft Mining
40:57 Hand Cart
43:03 Fletching
45:59 Imperial Age
43:55 Ballistics
44:21 Town Patrol
45:38 Kasbah
46:11 Cavalier
47:28 Plate Barding Armor
48:54 Blast Furnace
49:04 Conscription
49:22 Heavy Plow
50:34 Bodkin Arrow
54:21 Padded Archer Armor
57:00 Bracer
earlitepainters
7:14 Loom
10:07 Feudal Age
12:25 Double-Bit Axe
15:02 Scale Mail Armor
17:20 Forging
22:04 Fletching
25:40 Castle Age
27:19 Padded Archer Armor
27:15 Bodkin Arrow
50:57 Imperial Age
50:12 Chain Mail Armor
51:29 Capped Ram
53:34 Iron Casting
56:56 Wheelbarrow
56:02 Heavy Scorpion
57:05 Bow Saw
62:31 Chemistry
61:52 Ballistics
64:29 Siege Engineers
MatuAKD
0:26 Loom
9:50 Feudal Age
10:41 Double-Bit Axe
17:13 Fletching
18:23 Padded Archer Armor
22:46 Castle Age
22:43 Town Watch
22:51 Gold Mining
22:55 Crossbowman
23:34 Bodkin Arrow
25:04 Thumb Ring
25:30 Leather Archer Armor
31:10 Squires
38:55 Imperial Age
38:03 Eagle Warrior
39:03 Elite Skirmisher
40:50 Scale Mail Armor
41:02 Forging
41:23 Ring Archer Armor
41:33 Ballistics
44:54 Wheelbarrow
47:11 Hul'che Javelineers
49:31 Bracer
50:15 Pikeman
52:21 Chemistry
52:14 Horse Collar
52:38 Halberdier
54:13 Elite Eagle Warrior
56:44 Chain Mail Armor
56:59 Ring Archer Armor
57:05 Iron Casting
57:04 Conscription
57:55 Arson
60:05 Plate Mail Armor
60:29 Hand Cart
62:10 Holcans
Tio Iroh
6:51 Loom
9:18 Feudal Age
10:35 Double-Bit Axe
11:44 Town Watch
17:28 Wheelbarrow
21:22 Castle Age
19:32 Gold Mining
21:00 Scale Barding Armor
21:06 Forging
27:34 Iron Casting
29:39 Pikeman
33:08 Scale Mail Armor
33:50 Gold Shaft Mining
34:51 Chain Mail Armor
39:47 Imperial Age
43:38 Conscription
49:20 Plate Mail Armor
50:18 Halberdier
54:29 Blast Furnace
55:58 Squires
58:28 Fletching
59:27 Elite Skirmisher
Connection lost

Rejoining the realm…

Still unreachable

The connection could not be restored.

Session expired

The server has moved on; the page needs a fresh start.